 Dungeon Crawl Stone Soup version 0.30-a0-534-gdc55766716 (webtiles) character file.

Game seed: 2920360817294614357

9269 Popcorn the Cleaver (level 11, -4/67 HPs)
             Began as a Tengu Reaver on Dec 24, 2022.
             Was a Believer of the Shining One.
             Slain by a black mamba (15 damage)
             ... on level 2 of the Lair of Beasts.
             The game lasted 01:05:12 (10186 turns).

Popcorn the Cleaver (Tengu Reaver)                 Turns: 10186, Time: 01:05:13

Health: -4/67      AC: 11    Str: 19    XL:     11   Next: 43%
Magic:  15/15      EV: 17    Int: 25    God:    the Shining One [**....]
Gold:   1063       SH:  0    Dex: 12    Spells: 8/14 levels left

rFire   + . .      SeeInvis .    a - +7 war axe "Guigriwk" {freeze, Fly rN+ rCorr Str-4}
rCold   . . .      Faith    .    (no shield)
rNeg    + + .      Spirit   .    z - +1 leather armour "Hadux" {Str+3 Int+5}
rPois   .          Reflect  .    (helmet restricted)
rElec   .          Harm     +    e - +0 cloak
rCorr   +          Rampage  .    u - +1 pair of gloves of Lies {Harm Drain +Blink Str+3}
Will    .....                    (boots unavailable)
Stlth   +                        n - amulet of Laaxiro {RegenMP rF+ Stlth+}
HPRegen 0.31/turn                v - +4 ring of protection
MPRegen 0.54/turn                D - +6 ring of intelligence

@: lethally poisoned (-4 -> -16), flying quickly and evasively, glowing, quick
A: beak, talons 3, nimble flight
a: Renounce Religion, Evoke Blink, Divine Shield


You were on level 2 of the Lair of Beasts.
You worshipped the Shining One.
The Shining One was pleased with you.
You visited 2 branches of the dungeon, and saw 12 of its levels.

You collected 1389 gold pieces.
You spent 326 gold pieces at shops.

Inventory:

Hand Weapons
 a - the +7 war axe "Guigriwk" (weapon) {freeze, Fly rN+ rCorr Str-4}
   (You took it off an orc on level 7 of the Dungeon)

   It freezes those it strikes, dealing additional cold damage.
   It can also slow down cold-blooded creatures.
   Str:       It affects your strength (-4).
   rN:        It protects you from negative energy.
   Fly:       It grants you flight.
   rCorr:     It protects you from acid and corrosion.
 b - a +4 hand crossbow of freezing
 s - the +7 sling of the Beastly God {antimagic, Will++}
   (You found it on level 2 of the Dungeon)

   It reduces the magical energy of the wielder, and disrupts the spells and
   magical abilities of those it strikes.
   Natural abilities and divine invocations are not affected.
   Will:      It greatly increases your willpower.
Armour
 e - a +0 cloak (worn)
 l - a +2 robe of fire resistance
 u - the +1 pair of gloves of Lies (worn) {Harm Drain +Blink Str+3}
   (You found it on level 7 of the Dungeon)

   Str:       It affects your strength (+3).
   +Blink:    It lets you blink.
   Drain:     It drains your maximum health when unequipped.
   Harm:      It increases damage dealt and taken.
 z - the +1 leather armour "Hadux" (worn) {Str+3 Int+5}
   (You found it on level 9 of the Dungeon)

   Str:       It affects your strength (+3).
   Int:       It affects your intelligence (+5).
Magical Staves
 m - a staff of conjuration
Jewellery
 n - the amulet of Laaxiro (around neck) {RegenMP rF+ Stlth+}
   (You found it on level 3 of the Dungeon)

   [amulet of magic regeneration]

   It increases your rate of magic regeneration.
   rF:        It protects you from fire.
   Stlth:     It makes you more stealthy.
 v - a +4 ring of protection (left hand)
 D - a +6 ring of intelligence (right hand)
Wands
 g - a wand of mindburst (2)
 h - a wand of flame (10)
 p - a wand of digging (4)
 r - a wand of acid (9)
 y - a wand of charming (18)
Scrolls
 f - 2 scrolls of vulnerability
 j - a scroll of teleportation
 t - a scroll of silence
 A - a scroll of enchant armour
Potions
 c - 10 potions of curing
 d - 5 potions of lignification
 i - 3 potions of might
 k - a potion of attraction
 o - 2 potions of magic
 q - 3 potions of heal wounds
 x - a potion of brilliance {unknown}
 B - a potion of resistance {unknown}
 C - 2 potions of experience {unknown}
 F - a potion of haste


   Skills:
 + Level 7.1 Fighting
 * Level 10.4(10.7) Axes
 - Level 4.1(7.8) Polearms
 * Level 10.3 Ranged Weapons
 + Level 7.8 Dodging
 - Level 2.2 Spellcasting
 - Level 5.0 Conjurations
 + Level 4.3 Invocations


You had 8 spell levels left.
You knew the following spells:

 Your Spells              Type           Power      Damage    Failure   Level
a - Kiss of Death         Conj/Necr      60%        2d10      4%          1
b - Momentum Strike       Conj/Tloc      30%        3d8       7%          2
c - Hailstorm             Conj/Ice       15%        3d5       14%         3

Your spell library contained the following spells:

 Spells                   Type           Power      Damage    Failure   Level
 Beastly Appendage        Tmut           4%         N/A       13%         1
 Ensorcelled Hibernation  Hex/Ice        4%         N/A       21%         2
 Passwall                 Tmut/Erth      1%         N/A       21%         2
 Sublimation of Blood     Necr           2%         N/A       21%         2
 Wereblood                Tmut           2%         N/A       21%         2
 Spider Form              Tmut/Pois      2%         N/A       36%         3
 Swiftness                Air            2%         N/A       36%         3
 Airstrike                Air            1%         2d(1-17)  78%         4
 Petrify                  Tmut/Erth      2%         N/A       78%         4
 Summon Lightning Spire   Summ/Air       2%         N/A       78%         4
 Irradiate                Conj/Tmut      7%         3d14      78%         5
 Lightning Bolt           Conj/Air       7%         1d20      78%         5


Dungeon Overview and Level Annotations

Branches:
Dungeon (10/15)              Lair (2/5) D:8
 Temple: D:4-7        Swamp: Lair:2-3    Shoals: Lair:2-3     Snake: Lair:2-3
 Spider: Lair:2-3       Orc: D:9-12

Altars:
Yredelemnul
The Shining One

Shops:
D:3 (   D:5 (

Annotations:
D:4 1 runed translucent door, SirDiesAlot's ghost, novice DEVM
D:6 Maggie
D:10 Gastronok


Innate Abilities, Weirdness & Mutations

You have a beak for a mouth.
You have claws for feet.
Your magical nature lets you fly swiftly and evasively.


Message History

A black mamba comes into view.
The black mamba moves out of view.
The black mamba closely misses you. The black mamba bites you!
Your +4 hand crossbow of freezing stops glowing.
You feel weaker.
You feel rather light.
The +7 war axe "Guigriwk" {freeze, Fly rN+ rCorr Str-4} glows with a cold blue light!
a - the +7 war axe "Guigriwk" (weapon)
{freeze, Fly rN+ rCorr Str-4} You closely miss the black mamba.
Your kick misses the black mamba. The black mamba completely misses you.
The black mamba bites you but does no damage.
You hit the black mamba but do no damage.
The black mamba bites you! The black mamba bites you.
You hit the black mamba.
The black mamba seems to slow down.
You freeze the black mamba. You claw the black mamba.
The black mamba is lightly wounded.
The black mamba barely misses you.
You slash the black mamba! You freeze the black mamba.
Your kick misses the black mamba.
The black mamba is moderately wounded.
The black mamba bites you.
You slash the black mamba! You freeze the black mamba.
Your kick misses the black mamba. You peck the black mamba.
The black mamba is almost dead.
The black mamba completely misses you. The black mamba bites you!
* * * LOW HITPOINT WARNING * * *
You are lethally poisoned!
The black mamba poisons you!
You barely miss the black mamba. Your kick misses the black mamba.
The black mamba is almost dead.
* * * LOW HITPOINT WARNING * * *
You feel very sick. The black mamba misses you.
You hit the black mamba.
The black mamba seems to slow down.
You freeze the black mamba.
The black mamba is almost dead.
* * * LOW HITPOINT WARNING * * *
You feel very sick. The black mamba bites you!
You die...

* ***,,,,,,,#............######..
**,,,,,,,#..(.(.......## #..
*,,,,,,,,#...PP........# #..
****,,*.##..P(.....P..## ###
*,,,,............####
**,*,**#......#...## *** *,,,*
##..........#*** *,** ** ***,**
#.##..###.....# #... ,*
*****,+,**##.@###,,##..+#*#... **
*,,,,,......S##,,,,,,....*....
*****,,,,.......,*,,,,,,,...*#...
*,,^,,,,,.......,,,,,,,,,,..,#...
,,**,,,,,..<....,*,,,,,,,,,,,#...
,,***,,,,......#,,,,,,,,,,,,,....
,***,,,,,......,*,,,,,,,,,,,,*,,,
** **,,,,......***,**,*,,**,*****
*,,,,,,,,,,* *,**********


You could see a black mamba (slow).

Vanquished Creatures
  6 elephants
  A black mamba (Lair:2)
  2 cane toads (Lair:1)
  A komodo dragon (D:8)
  A hornet (D:10)
  4 blink frogs (Lair:1)
  6 yaks
  A wyvern (D:8)
  3 acid dragons
  5 water moccasins (Lair:1)
  Duvessa (D:7)
  A sky beast (D:8)
  A black bear (D:5)
  An orc warrior (D:10)
  4 wolves (Lair:1)
  A phantom (D:7)
  2 kobold brigands
  3 bullfrogs
  2 necrophages
  3 gnoll sergeants
  4 scorpions
  6 wights
  Dowan (D:7)
  14 killer bees
  An electric eel (D:7)
  2 orc priests
  2 jellies
  2 hounds (D:5)
  4 iguanas
  7 orc wizards
  4 adders
  13 gnolls
  2 worms
  3 dart slugs
  27 orcs
  14 endoplasms
  A giant cockroach (D:1)
  11 goblins
  9 hobgoblins
  5 jackals
  A quokka (D:1)
  8 ball pythons
  3 bats (D:1)
  3 frilled lizards
  14 kobolds
  4 rats
214 creatures vanquished.

Vanquished Creatures (others)
  An orc wizard (D:4)
  6 fungi
  23 plants
30 creatures vanquished.

Grand Total: 244 creatures vanquished

Notes
Turn   | Place    | Note
-------+----------+-------------------------------------------
     0 | D:1      | Popcorn the Tengu Reaver began the quest for the Orb.
     0 | D:1      | Reached XP level 1. HP: 12/12 MP: 4/4
   171 | D:1      | Reached XP level 2. HP: 17/17 MP: 6/6
   959 | D:1      | Reached XP level 3. HP: 21/21 MP: 7/7
   962 | D:1      | Learned a level 2 spell: Momentum Strike
  1365 | D:2      | Identified the +7 sling of the Beastly God {antimagic,
                  | Will++}
  1496 | D:2      | Reached XP level 4. HP: 26/27 MP: 3/8
  1883 | D:3      | Learned a level 3 spell: Hailstorm
  2001 | D:3      | Noticed an eye of devastation
  2003 | D:3      | Found a faded altar of an unknown god.
  2005 | D:3      | Noticed a shining eye
  2005 | D:3      | Noticed a shining eye
  2005 | D:3      | Noticed a great orb of eyes
  2074 | D:3      | Identified the amulet of Laaxiro {RegenMP rF+ Stlth+}
  2210 | D:3      | Found Zempe's Weapon Shoppe.
  2268 | D:3      | Reached skill level 5 in Conjurations
  2503 | D:4      | Reached skill level 1 in Ranged Weapons
  2558 | D:4      | Found a glowing golden altar of the Shining One.
  2564 | D:4      | Found a runed translucent door.
  2565 | D:4      | Noticed an angel
  2570 | D:4      | Became a worshipper of the Shining One
  2581 | D:4      | Noticed SirDiesAlot's ghost (novice DEVM)
  2689 | D:4      | Noticed a scorpion
  2705 | D:4      | Killed a scorpion
  2706 | D:4      | Reached skill level 1 in Axes
  2706 | D:4      | Gained mutation: Your magical nature lets you fly swiftly
                  | and evasively. [Tengu growth]
  2706 | D:4      | Reached XP level 5. HP: 31/31 MP: 4/9
  2772 | D:4      | Reached XP level 6. HP: 28/36 MP: 10/10
  2838 | D:4      | Found a basalt altar of Yredelemnul.
  2840 | D:4      | Noticed a profane servitor
  3151 | D:5      | Entered Level 5 of the Dungeon
  3211 | D:5      | You are sucked into a shaft and drop 2 floors!
  3516 | D:5      | Noticed a black bear
  3539 | D:5      | Killed a black bear
  3655 | D:5      | Reached XP level 7. HP: 38/41 MP: 4/11
  3670 | D:5      | Found Giru's Hydra Hut.
  3683 | D:5      | Noticed a five-headed hydra
  3683 | D:5      | Reached * piety under the Shining One
  4620 | D:5      | Reached XP level 8. HP: 41/48 MP: 12/12
  4718 | D:6      | Reached skill level 5 in Ranged Weapons
  4856 | D:6      | Noticed Maggie
  4890 | D:7      | Reached skill level 5 in Axes
  5047 | D:7      | Reached skill level 5 in Dodging
  5205 | D:7      | Identified the +7 war axe "Guigriwk" {freeze, Fly rN+ rCorr
                  | Str-4}
  5256 | D:7      | Reached XP level 9. HP: 52/52 MP: 4/13
  5273 | D:7      | Noticed Duvessa
  5273 | D:7      | Noticed Dowan
  5274 | D:7      | Killed Dowan
  5286 | D:7      | HP: 2/52 [Duvessa/+3 short sword (15)]
  5287 | D:7      | Killed Duvessa
  5562 | D:7      | Reached ** piety under the Shining One
  5631 | D:7      | Identified the +1 pair of gloves of Lies {Harm Drain +Blink
                  | Str+3}
  5785 | D:8      | Reached skill level 5 in Fighting
  5872 | D:7      | Reached skill level 1 in Invocations
  6399 | D:8      | Found a staircase to the Lair.
  6854 | D:9      | Reached XP level 10. HP: 60/60 MP: 4/14
  6962 | D:5      | Bought a +3 hand crossbow of freezing for 326 gold pieces
  7204 | D:9      | Identified the +1 leather armour "Hadux" {Str+3 Int+5}
  7762 | D:10     | Entered Level 10 of the Dungeon
  7968 | D:10     | Noticed Gastronok
  8416 | Lair:1   | Entered Level 1 of the Lair of Beasts
  8428 | Lair:1   | Identified a scroll of acquirement
  8428 | Lair:1   | Acquired 745 gold pieces
  8903 | Lair:1   | Noticed a cane toad
  8911 | Lair:1   | Killed a cane toad
  9021 | Lair:1   | Reached XP level 11. HP: 66/66 MP: 15/15
  9575 | Lair:1   | Reached skill level 10 in Axes
  9706 | Lair:1   | Reached skill level 10 in Ranged Weapons
 10186 | Lair:2   | Slain by a black mamba

Illustrated notes

Levels and vault maps discovered:
D:1:      spicycebolla_arrival_risky_transporter, layout_basic,
          serial_co_window_serial, co_window_paths_a, co_window_paths_a,
          co_window_of_opportunity_a, co_window_paths_a, co_window_paths_a,
          co_window_corner_a, co_window_paths_a, co_window_broadway_c,
          co_window_broadway_b, co_window_corner_cb, co_window_paths_c,
          co_window_broadway_b, glass_columns_a, glass_columns_c,
          glass_columns_a, glass_columns_a
D:2:      layout_rooms
D:3:      layout_loops_ring, hellmonk_ecumenical_altar_watching_god,
          serial_shops, shop
D:4:      layout_rooms, grunt_temple_overflow_holy_war, ebering_ghost_sewer_d
D:5:      layout_loops_ring, serial_bayou, serial_bayou_pond_b,
          serial_bayou_shore_b, serial_bayou_ford_a, serial_bayou_pond_b,
          minivault_25, doesnt_shop_hydraphobe
D:6:      layout_gridville, minmay_temple_entry_large_hall,
          lightli_ossuary_entry_decrepit_ruins, uniq_maggie
D:7:      layout_rooms, minivault_10, nicolae_lava_and_water, uniq_duvessa
D:8:      layout_cave_pools, lair_entry_dummy
D:9:      layout_long_grid, enter_bailey_4
D:10:     layout_basic, uniq_gastronok
Lair:1:   layout_cave_pods, serial_bayou_shore_b
Lair:2:   layout_roguey, special_room [special_room_bee], minivault_19,
          lemuel_fruit_tree

Skill      XL: |  1  2  3  4  5  6  7  8  9 10 11 |
---------------+----------------------------------+-----
Polearms       | 4 |  4.1
Conjurations   | 5 |  5.0
Ranged Weapons | 2 3 4 6 8 9 10 | 10.3
Axes           | 1 2 3 4 6 8 9 10 | 10.4
Dodging        | 3 4 5 6 7 |  7.8
Fighting       | 3 4 5 6 7 |  7.1
Invocations    | 2 3 4 |  4.3
Spellcasting   | |  2.2

Action                   |  1- 3 |  4- 6 |  7- 9 | 10-12 || total
-------------------------+-------+-------+-------+-------++-------
Melee: Spear             |   113 |       |       |       ||   113
       Kick              |    24 |    10 |    31 |    35 ||   100
       Peck              |     8 |     2 |    14 |    19 ||    43
       Punch             |     1 |       |     1 |       ||     2
       War axe           |       |    26 |    97 |   108 ||   231
       Trident           |       |     3 |       |       ||     3
 Fire: Sling             |     8 |    55 |   172 |    24 ||   259
       Hand crossbow     |       |       |       |    14 ||    14
Throw: Throwing net      |       |       |     1 |       ||     1
 Cast: Momentum Strike   |     5 |       |     1 |       ||     6
Invok: Divine Shield     |       |       |       |     1 ||     1
 Abil: Evoke Blink       |       |       |       |     1 ||     1
Evoke: Wand              |       |     8 |     2 |       ||    10
  Use: Scroll            |     1 |    14 |     3 |     8 ||    26
       Potion            |       |     1 |     1 |       ||     2
 Stab: Sleeping          |     2 |       |       |       ||     2
Armor: Leather armour    |    18 |     1 |       |    30 ||    49
       Robe              |       |     9 |    30 |     3 ||    42
Dodge: Dodged            |    47 |    32 |   122 |    92 ||   293
Block: Other             |       |       |       |     5 ||     5

Table legend: (Time is in decaauts)
 A = Elapsed time spent in this place.
 B = Non-inter-level travel time spent in this place.
 C = Inter-level travel time spent in this place.
 D = Time resting spent in this place.
 E = Time spent auto-exploring this place.
 F = Levels seen in this place.
 G = Mean time per level.
                   A        B        C        D        E       F      G
               +--------+--------+--------+--------+--------+-----+--------+
         Total |   9725 |   9073 |    652 |   1464 |   5122 |  12 |  810.4 |
       Dungeon |   8172 |   7561 |    611 |    980 |   4508 |  10 |  817.2 |
          Lair |   1552 |   1512 |     40 |    484 |    614 |   2 |  776.0 |
               +--------+--------+--------+--------+--------+-----+--------+

Top non-repeatable levels by time:
  Lair:1: 1287 daAuts
     D:1: 1202 daAuts
     D:5: 1119 daAuts
     D:8: 1003 daAuts
     D:7: 943 daAuts
     D:9: 912 daAuts
     D:4: 704 daAuts
     D:2: 661 daAuts
     D:3: 629 daAuts
    D:10: 552 daAuts
     D:6: 443 daAuts
  Lair:2: 264 daAuts
